 Dungeon Crawl Stone Soup version 0.25.1-2-g60ff931df9 (webtiles) character file.

Game seed: 14908572571947668000

2030 Qrupt the Gusty (level 9, -1/52 HPs)
             Began as a Tengu Air Elementalist on Oct 23, 2020.
             Slain by a killer bee (6 damage)
             ... on level 7 of the Dungeon.
             The game lasted 00:22:32 (9840 turns).

Qrupt the Gusty (Tengu Air Elementalist)            Turns: 9840, Time: 00:22:33

Health: -1/52      AC:  3    Str:  8    XL:     9   Next: 23%
Magic:  13/17      EV: 15    Int: 19    God:
Gold:   4089       SH:  0    Dex: 15    Spells: 3/18 levels left

rFire    . . .     SeeInvis .   i - +1 spear
rCold    . . .     Gourm    .   (no shield)
rNeg     . . .     Faith    .   a - +0 robe
rPois    .         Spirit   .   C - +0 hat
rElec    .         Reflect  .   (no cloak)
rCorr    .         Harm     .   l - +0 pair of gloves
MR       .....                  (boots unavailable)
Stlth    ++........             (no amulet)
HPRegen  0.17/turn              (no ring)
MPRegen  0.15/turn              (no ring)

@: lethally poisoned (-1 -> -4), about to teleport
A: beak, talons 3, able to fly
a: Fly


You were on level 7 of the Dungeon.
You were not hungry.

You visited 1 branch of the dungeon, and saw 7 of its levels.

You collected 4089 gold pieces.

Inventory:

Hand Weapons
 f - a +0 short sword
 h - a cursed +4 falchion
 i - a +1 spear (weapon)
 o - a +2 hand axe of draining
Armour
 a - a +0 robe (worn)
 l - a +0 pair of gloves (worn)
 C - a +0 hat (worn)
Jewellery
 m - a cursed -4 ring of evasion {unknown}
Wands
 q - a wand of paralysis (7)
 y - a wand of polymorph (9)
Scrolls
 b - a scroll of fear {unknown}
 g - 5 scrolls of remove curse
 j - a scroll of immolation {unknown}
 r - a scroll of enchant armour {unknown}
 s - 2 scrolls of enchant weapon
 t - 2 scrolls of blinking
 u - a scroll of amnesia
Potions
 d - a potion of curing
 e - a potion of haste
 n - a potion of resistance {unknown}
 p - a potion of mutation {unknown}
 v - 2 potions of might {unknown}
 w - a potion of brilliance {unknown}
 x - a potion of heal wounds {unknown}
 z - a potion of lignification {unknown}
 A - a potion of ambrosia {unknown}
Comestibles
 c - 9 rations
 B - 6 chunks of flesh


   Skills:
 + Level 4.6 Fighting
 + Level 5.8 Dodging
 - Level 2.0 Stealth
 + Level 5.0 Spellcasting
 + Level 6.5 Conjurations
 + Level 2.9 Charms
 + Level 7.7 Air Magic


You had 3 spell levels left.
You knew the following spells:

 Your Spells              Type           Power        Failure   Level  Hunger
a - Shock                 Conj/Air       ####         1%          1    None
b - Swiftness             Chrm/Air       ####....     1%          2    #......
c - Static Discharge      Conj/Air       ####....     1%          3    ##.....
d - Airstrike             Air            ####......   4%          4    ####...
e - Lightning Bolt        Conj/Air       ####......   19%         5    ######.

Your spell library contained the following spells:

 Spells                   Type           Power        Failure   Level  Hunger


Dungeon Overview and Level Annotations

Branches:
Dungeon (7/15)             Temple (0/1) D:6

Altars:
Dithmenos
Elyvilon
Makhleb


Innate Abilities, Weirdness & Mutations

You have a beak for a mouth.
You have claws for feet.
You can fly continuously.


Message History

The zap misses the orc warrior.
The zap hits the orc warrior but does no damage.
The orc warrior is almost dead.
A killer bee comes into view.
The orc wizard casts a spell at you. The magic dart hits you.
As you read the scroll of teleportation, it crumbles to dust.
You feel strangely unstable.
The orc warrior hits you with a +0 mace!
* * * LOW HITPOINT WARNING * * *
A killer bee comes into view.
The killer bee buzzes angrily.
A killer bee comes into view.
The killer bee stings you.
* * * LOW HITPOINT WARNING * * *
You are poisoned.
The killer bee poisons you! The orc misses you.
You feel sick. The killer bee closely misses you. The killer bee stings you.
You die...

........##..........)....
.........+...............
.........##.........##....
.....................++....
..........##.........##....
..........##..........#....
......................#....
......................#....
.........)@y..........#....
..........#...y.......#
..........#o..........#
..........#o....y.....#
............o.....y....#
............#.###...y..#
............#.# .....
..............###.....
.......).........# ##


You could see an orc warrior, 4 killer bees, an orc wizard and an orc.

Vanquished Creatures
  Prince Ribbit (D:5)
  Menkaure (D:5)
  A sky beast (D:5)
  An orc warrior (D:6)
  A necrophage (D:5)
  2 phantoms (D:6)
  3 ogres
  3 centaurs
  A scorpion (D:5)
  4 wights
  A crimson imp (D:5)
  2 hounds
  A centaur skeleton (D:4)
  2 orc wizards
  4 worker ants
  A hound skeleton (D:6)
  3 gnolls (D:2)
  A howler monkey skeleton (D:6)
  10 adders
  3 shadow imps
  An ooze (D:6)
  An adder skeleton (D:6)
  An adder zombie (D:3)
  7 worms
  3 dart slugs
  2 leopard geckos
  14 orcs
  2 ball pythons (D:1)
  8 bats
  2 giant cockroaches
  14 goblins
  4 hobgoblins
  3 jackals (D:3)
  13 frilled lizards
  A jackal skeleton (D:6)
  9 kobolds
  2 rats
133 creatures vanquished.

Notes
Turn   | Place    | Note
-------+----------+-------------------------------------------
     0 | D:1      | Qrupt the Tengu Air Elementalist began the quest for the
                  | Orb.
     0 | D:1      | Reached XP level 1. HP: 10/10 MP: 4/4
   454 | D:1      | Reached XP level 2. HP: 16/16 MP: 3/6
  1248 | D:1      | Reached XP level 3. HP: 20/20 MP: 4/7
  1434 | D:2      | Reached skill level 1 in Fighting
  1905 | D:2      | Reached XP level 4. HP: 14/25 MP: 3/8
  2088 | D:2      | Found a white marble altar of Elyvilon.
  3332 | D:3      | Gained mutation: You can fly continuously. [Tengu growth]
  3332 | D:3      | Reached XP level 5. HP: 30/30 MP: 0/10
  3661 | D:3      | Learned a level 2 spell: Swiftness
  3751 | D:3      | Found a faded altar of an unknown god.
  3758 | D:3      | Learned a level 3 spell: Static Discharge
  3849 | D:3      | Reached skill level 5 in Air Magic
  4833 | D:4      | Reached XP level 6. HP: 35/35 MP: 4/11
  5479 | D:4      | Reached XP level 7. HP: 8/40 MP: 4/13
  6148 | D:5      | Entered Level 5 of the Dungeon
  6363 | D:5      | Reached skill level 6 in Air Magic
  6781 | D:5      | Noticed Prince Ribbit
  6901 | D:5      | Noticed Menkaure
  6909 | D:5      | Killed Menkaure
  6909 | D:5      | Reached skill level 1 in Charms
  7077 | D:5      | Killed Prince Ribbit
  7077 | D:5      | Reached skill level 5 in Conjurations
  7077 | D:5      | Reached XP level 8. HP: 32/47 MP: 1/15
  7280 | D:6      | Identified a scroll of acquirement
  7280 | D:6      | Acquired 3740 gold pieces
  7430 | D:6      | Found a staircase to the Ecumenical Temple.
  7458 | D:6      | Found a burning altar of Makhleb.
  7783 | D:6      | Reached skill level 5 in Dodging
  7800 | D:6      | Reached skill level 7 in Air Magic
  8467 | D:6      | Reached XP level 9. HP: 42/52 MP: 11/17
  9687 | D:7      | Learned a level 4 spell: Airstrike
  9693 | D:7      | Learned a level 5 spell: Lightning Bolt
  9796 | D:7      | Reached skill level 5 in Spellcasting
  9800 | D:7      | Found a shadowy altar of Dithmenos.
  9840 | D:7      | Slain by a killer bee

Illustrated notes

Levels and vault maps discovered:
D:1:      dpeg_arrival_boxes_within_box, layout_loops_ring, minmay_lizard_pond
D:2:      layout_loops_corners, elyvilon_altar_3, uniq_robin
D:3:      layout_loops_ring, chequers_ecumenical_altar_simple
D:4:      layout_basic, minmay_bisected
D:5:      layout_loops_cross, first_ration, uniq_prince_ribbit1, uniq_menkaure
D:6:      layout_loops_ring, minmay_temple_entry_slanted, portal_sewer_entry_d,
          makhleb_blood_cavern_becter
D:7:      layout_basic, grunt_temple_overflow_order_and_chaos_2,
          nicolae_overflow_crystal_walls, ebering_ghost_reflecting_pool,
          grunt_livestock

Skill      XL: |  1  2  3  4  5  6  7  8  9 |
---------------+----------------------------+-----
Conjurations   | 2 3 4 5 6 |  6.5
Fighting       | 1 2 3 4 |  4.6
Dodging        | 3 4 5 |  5.8
Air Magic      | 5 6 7 |  7.7
Spellcasting   | 3 4 5 |  5.0
Charms         | 1 2 |  2.9
Stealth        | |  2.0

Action                   |  1- 3 |  4- 6 |  7- 9 || total
-------------------------+-------+-------+-------++-------
Melee: Unarmed           |    13 |       |       ||    13
       Kick              |     2 |     7 |     4 ||    13
       Peck              |     1 |     6 |     3 ||    10
       Spear             |       |    65 |    39 ||   104
 Cast: Shock             |    52 |   155 |   133 ||   340
       Static Discharge  |       |     4 |    24 ||    28
       Swiftness         |       |       |     1 ||     1
  Use: Scroll            |       |       |    14 ||    14
       Potion            |       |       |     5 ||     5
 Stab: Sleeping          |       |     4 |     3 ||     7
  Eat: Chunk             |     4 |     9 |     8 ||    21
       Ration            |       |     1 |     2 ||     3
Armor: Robe              |     3 |    21 |    11 ||    35
Dodge: Dodged            |    21 |    68 |    66 ||   155
